Map: Altitude LE

Players

ReesesPieces - Winner!

  • Race: Protoss Protoss
  • League: Master
  • Spawn Location: 7:00

MillForGG (ForGG)

  • Race: Terran Terran
  • League: Grandmaster
  • Spawn Location: 1:00

VOD

Have the link to the VOD?

Description

Time

  • Played on: May 16, 2023, 7:35 p.m.
  • Length: 9:17
Show
View Real Time Build Order
Export as new Build Order

ReesesPieces Protoss - Winner!

Build Orders: 1 Gate Expand, Oracle Opening, Carriers 

Get SALT Encoding   

  12  0:00  Probe  
  13  0:12  Probe  
  14  0:17  Pylon  
  14  0:24  Probe (Chrono Boost)  
  15  0:36  Probe (Chrono Boost)  
  15  0:38  Gateway  
  16  0:44  Probe (Chrono Boost)  
  16  0:47  Assimilator  
  17  0:51  Probe  
  18  1:03  Probe  
  19  1:15  Probe  
  22  1:27  Cybernetics Core  
  23  1:38  Nexus  
  20  1:44  Pylon  
  20  1:47  Probe  
  21  1:55  Assimilator  
  21  2:00  Probe, Adept (Chrono Boost)  
  23  2:12  Probe  
  24  2:24  Probe, Adept  
  27  2:30  Stargate  
  27  2:36  Probe  
  28  2:41  Warp Gate (Chrono Boost)  
  28  2:50  Probe (Chrono Boost)  
  30  2:52  Probe (Chrono Boost)  
  30  2:54  Adept  
  32  3:00  Probe (Chrono Boost)  
  32  3:03  Probe (Chrono Boost)  
  34  3:06  Shield Battery  
  34  3:08  Probe  
  34  3:11  Oracle (Chrono Boost)  
  34  3:12  Probe  
  39  3:20  Pylon  
  39  3:21  Probe  
  40  3:27  Probe  
  40  3:33  Probe  
  47  3:49  Probe x2 (Chrono Boost)  
  47  3:50  Assimilator  
  47  3:52  Assimilator  
  47  3:55  Pylon  
  47  3:56  Void Ray (Chrono Boost)  
  49  4:03  Probe (Chrono Boost)  
  49  4:04  Probe (Chrono Boost)  
  49  4:08  Probe (Chrono Boost)  
  50  4:15  Probe  
  51  4:18  Pylon  
  51  4:19  Probe  
  52  4:28  Probe, Protoss Air Weapons Level 1 (Chrono Boost)  
  49  4:32  Probe  
  49  4:38  Pylon, Fleet Beacon  
  48  4:40  Probe  
  48  4:42  Forge  
  48  4:44  Probe  
  50  4:51  Stargate  
  50  4:52  Zealot  
  50  4:53  Probe  
  50  4:57  Probe  
  50  4:58  Shield Battery  
  54  5:03  Shield Battery  
  58  5:18  Photon Cannon  
  58  5:27  Carrier (Chrono Boost)  
  61  5:32  Nexus  
  66  5:44  Probe  
  66  5:45  Probe  
  66  5:46  Carrier (Chrono Boost)  
  68  5:51  Sentry  
  68  5:56  Probe  
  71  5:57  Probe  
  71  5:59  Pylon  
  72  6:08  Probe  
  72  6:09  Probe  
  74  6:20  Probe, Pylon, Carrier (Chrono Boost)  
  74  6:21  Probe  
  82  6:26  Shield Battery  
  82  6:29  Pylon  
  82  6:32  Probe  
  83  6:33  Probe  
  84  6:40  Photon Cannon  
  84  6:44  Probe  
  91  6:50  Carrier (Chrono Boost)  
  91  6:51  Probe  
  91  6:53  Probe  
  93  6:56  Probe  
  93  7:00  Photon Cannon  
  94  7:01  Protoss Air Weapons Level 2 (Chrono Boost)  
  94  7:02  Pylon  
  94  7:07  Shield Battery  
  94  7:10  Probe x3  
  97  7:16  Assimilator  
  97  7:17  Assimilator  
  97  7:22  Probe x2  
  99  7:23  Shield Battery  
  99  7:25  Pylon  
  99  7:29  Probe  
  100  7:34  Carrier (Chrono Boost)  
  96  7:52  Carrier (Chrono Boost)  
  89  8:03  Probe  
  81  8:21  Photon Cannon  
  81  8:22  Shield Battery  
  81  8:23  Photon Cannon, Pylon  
  87  8:37  Nexus, Pylon  
  87  8:41  Probe  
  88  8:43  Probe  
  90  8:59  Photon Cannon  
  90  9:00  Shield Battery  
  90  9:01  Photon Cannon  
Show
View Real Time Build Order
Export as new Build Order

MillForGG Terran 

Build Orders:  

Get SALT Encoding   

  12  0:00  SCV  
  13  0:12  SCV  
  14  0:17  Supply Depot  
  14  0:24  SCV  
  15  0:39  SCV  
  15  0:40  Barracks  
  16  0:44  Refinery  
  16  0:51  SCV  
  16  0:54  Refinery  
  17  1:03  SCV  
  18  1:15  SCV  
  19  1:27  Reaper, Orbital Command  
  20  1:33  Supply Depot  
  20  1:43  Factory  
  20  1:55  SCV  
  20  2:00  Barracks Reactor  
  21  2:07  SCV  
  22  2:19  SCV  
  22  2:22  Command Center  
  23  2:28  Hellion  
  25  2:31  SCV  
  25  2:36  Reaper  
  25  2:37  Reaper  
  28  2:43  SCV  
  29  2:49  Supply Depot  
  29  2:50  Hellion  
  31  3:03  Barracks  
  31  3:09  Barracks  
  31  3:11  Factory Tech Lab, SCV  
  32  3:17  Marine x2  
  34  3:23  SCV  
  35  3:35  Orbital Command, SCV  
  35  3:37  Marine x2  
  35  3:45  Cyclone  
  35  3:47  SCV  
  35  3:51  Barracks Tech Lab  
  35  3:55  Marine x2  
  36  3:56  Barracks Tech Lab  
  36  4:00  SCV  
  36  4:01  SCV  
  39  4:12  SCV  
  39  4:13  SCV  
  39  4:14  Stimpack  
  41  4:17  Siege Tank  
  41  4:18  Combat Shield  
  41  4:24  Marine x4  
  43  4:28  SCV x2  
  44  4:40  SCV x2  
  44  4:41  Marine  
  44  4:42  Marine x3  
  44  4:44  Engineering Bay  
  50  4:52  SCV x2  
  52  4:53  Starport  
  52  4:56  Supply Depot, Factory Reactor  
  52  5:00  Supply Depot  
  52  5:04  SCV x2  
  54  5:11  Terran Infantry Weapons Level 1  
  54  5:17  SCV x2, Marine x4  
  54  5:20  Refinery  
  60  5:23  Refinery  
  60  5:28  Supply Depot  
  60  5:29  SCV x2, Supply Depot  
  62  5:36  Marauder x2  
  62  5:37  Marine x2  
  62  5:40  Factory Reactor  
  62  5:41  SCV  
  62  5:42  SCV  
  70  5:49  Medivac x2  
  74  5:55  Marine x2  
  76  5:59  Supply Depot  
  76  6:01  Marauder x2  
  76  6:02  Supply Depot  
  80  6:05  SCV x2  
  80  6:11  Concussive Shells  
  82  6:16  Marine  
  82  6:17  Marine  
  84  6:23  Medivac x2, Marauder x2  
  92  6:28  Widow Mine  
  92  6:29  Widow Mine  
  92  6:30  Supply Depot  
  92  6:31  Supply Depot  
  96  6:38  Marine x2  
  98  6:44  Marauder x2  
  102  6:48  Command Center  
  102  6:56  Marine x2  
  102  6:57  Widow Mine x2  
  108  7:05  Marauder x2  
  108  7:07  Barracks  
  108  7:08  Terran Infantry Armor Level 1  
  112  7:10  Barracks  
  112  7:14  Marine x2  
  114  7:18  Widow Mine  
  114  7:22  SCV x2  
  118  7:27  Marauder  
  117  7:34  Marauder  
  108  7:37  Marine x2  
  108  7:48  Marauder  
  108  7:49  Widow Mine x2  
  114  7:54  Marine  
  114  7:55  Marine x2  
  109  8:00  Marine x2  
  109  8:03  Medivac x2  
  107  8:09  SCV, Marine  
  107  8:12  Marine  
  108  8:13  Marine x2  
  108  8:18  SCV  
  108  8:21  SCV  
  108  8:24  Barracks Reactor  
  104  8:27  Marine  
  104  8:30  Marine  
  104  8:31  Armory, Marine x2  
  104  8:33  SCV x2  
  110  8:36  Engineering Bay  
  110  8:39  Medivac x2  
  114  8:44  Marine  
  114  8:45  SCV  
  114  8:46  SCV, Marine x2  
  109  8:51  Missile Turret  
  109  8:54  Missile Turret  
  97  9:02  Missile Turret  
Tags
 
Add a new tag
Caveats
  • Supply blocks, unpowered buildings, or Contaminate may cause inaccurate times.
  • Supply counts are checked every 10 seconds.